 Dungeon Crawl Stone Soup version 0.30.1-8-g117510f58f (webtiles) character file.

Game seed: 6967859138072532211

27 Ivernyr the Ducker (level 2, 0/16 HPs)
             Began as a Spriggan Fighter on Sept 23, 2023.
             Frozen to death by an endoplasm (5 damage)
             ... on level 1 of the Dungeon.
             The game lasted 00:01:33 (440 turns).

Ivernyr the Ducker (Spriggan Fighter)                Turns: 440, Time: 00:01:34

Health: 0/16       AC:  2    Str: 12    XL:     2   Next: 93%
Magic:  3/3        EV: 17    Int:  9    God:
Gold:   17         SH:  4    Dex: 14    Spells: 1/1 levels left

rFire   . . .        a - +0 rapier
rCold   . . .        c - +0 buckler
rNeg    . . .        b - +0 robe
rPois   .            (helmet restricted)
rElec   .            (no cloak)
rCorr   .            (gloves unavailable)
SInv    +            (boots unavailable)
Will    .....        (no amulet)
Stlth   +            (no ring)
HPRegen 0.22/turn    (no ring)
MPRegen 0.08/turn

%: no passive effects
@: very quick
A: very small, no large weapons, unfitting armour, see invisible, speed 3
a: no special abilities


You were on level 1 of the Dungeon.
You visited 1 branch of the dungeon, and saw 1 of its levels.

You collected 17 gold pieces.

Inventory:

Hand Weapons
 a - a +0 rapier (weapon)
Armour
 b - a +0 robe (worn)
 c - a +0 buckler (worn)
Potions
 d - a potion of might
 e - 2 potions of curing {unknown}


   Skills:
 + Level 2.6 Fighting
 * Level 2.9 Short Blades
 + Level 4.3 Dodging
 + Level 2.4 Shields


You had one spell level left.
You didn't know any spells.
Your spell library was empty.

Dungeon Overview and Level Annotations

Branches:
Dungeon (1/15)

Altars:


Innate Abilities, Weirdness & Mutations

You are very small and have problems with some larger weapons.
You are too small for most types of armour.
You have supernaturally acute eyesight. (SInv)
You cover ground extremely quickly. (Speed+++)


Message History

You closely miss the frilled lizard. The frilled lizard bites you.
The jackal stops to sniff the ground.
A bat comes into view.
An endoplasm comes into view.
You hit the endoplasm but do no damage. The endoplasm closely misses you.
The endoplasm quivers.
You hit the endoplasm.
The endoplasm is almost dead.
The jackal bites the bush but does no damage.
The endoplasm freezes you.
You are frozen.
The frilled lizard closely misses you.
You hit the endoplasm.
You kill the endoplasm!
The bat hits you. The frilled lizard barely misses you.
The bat closely misses you. The jackal closely misses you.
The jackal completely misses you. The bat misses you. The jackal misses you.
The endoplasm freezes you.
You are frozen.
The bat closely misses you. The jackal bites you. The bat misses you.
The endoplasm barely misses you. The bat attacks as you move away!
The bat barely misses you. You block the bat's attack.
The bat attacks as you move away! The bat misses you.
You block the bat's attack. The jackal barely misses you.
The bat completely misses you.
You hit the bat.
The bat is moderately wounded.
The bat hits you but does no damage. The bat completely misses you.
You hit the bat.
The bat is severely wounded.
The bat misses you. The bat hits you. The endoplasm freezes you.
You are frozen.
You puncture the bat!
You kill the bat!
You block the endoplasm's attack.
You closely miss the jackal. The jackal bites you. The endoplasm freezes you.
You are frozen.
You die...

...# ...# #####..##. ##
#.Jh....P. .. #@#..♣
P.########
#..#.##h#..♣♣♣.PP.....##
............♣♣..PP......
###..#......♣P.♣♣♣P..###
#...#........P.P♣♣P.#
...#...........P.♣PP.#
...............#..P.##
######.........##..##
#.........#####


You could see an endoplasm and 2 jackals.

Vanquished Creatures
  3 bats (D:1)
  An endoplasm (D:1)
  A giant cockroach (D:1)
  7 jackals (D:1)
  4 kobolds (D:1)
  4 goblins (D:1)
  2 rats (D:1)
22 creatures vanquished.

Notes
Turn   | Place    | Note
-------+----------+-------------------------------------------
     0 | D:1      | Ivernyr the Spriggan Fighter began the quest for the Orb.
     0 | D:1      | Reached XP level 1. HP: 11/11 MP: 2/2
   161 | D:1      | Reached XP level 2. HP: 16/16 MP: 3/3
   440 | D:1      | Frozen to death by an endoplasm

Illustrated notes

Levels and vault maps discovered:
D:1:      nicolae_arrival_escape_room, layout_basic, serial_forest,
          infiniplex_forest_straight_3, infiniplex_forest_lined_3_way,
          infiniplex_forest_clump_double, infiniplex_forest_3_way,
          infiniplex_forest_clump_C, ebering_ecumenical_altar_abandoned,
          st_stairs_10, amcnicky_mini_pool_small, chequers_serial_rivers_micro_c

Action                     || total
---------------------------++-------
  Melee: Rapier            ||    83
   Stab: Sleeping          ||     1
 Armour: Robe              ||     6
  Dodge: Dodged            ||    92
  Block: Buckler           ||    24
